Map: Lost and Found LE

Players

KaasGrater - Winner!

  • Race: Protoss Protoss
  • League: Diamond
  • Spawn Location: 1:00

A.I. 1 (Very Easy)

  • Race: Protoss Protoss
  • Spawn Location: 7:00

VOD

Have the link to the VOD?

Description

Time

  • Played on: Sept. 6, 2018, 4:08 p.m.
  • Length: 5:19
Show
View Real Time Build Order
Export as new Build Order

KaasGrater Protoss - Winner!

Build Orders: Phoenix Opening 

Get SALT Encoding   

  12  0:01  Probe  
  13  0:13  Probe  
  14  0:19  Pylon  
  14  0:25  Probe  
  15  0:35  Probe  
  15  0:38  Gateway  
  16  0:43  Probe  
  16  0:45  Assimilator  
  17  0:54  Probe  
  17  0:55  Assimilator  
  18  1:06  Probe  
  20  1:18  Probe  
  20  1:19  Gateway  
  20  1:31  Cybernetics Core, Probe  
  21  1:44  Probe  
  21  1:45  Pylon  
  22  1:57  Probe  
  22  1:59  Stalker x2  
  27  2:09  Warp Gate  
  27  2:23  Stargate  
  27  2:28  Zealot  
  29  2:31  Zealot  
  31  2:37  Pylon  
  31  2:55  Stalker  
  31  2:58  Stalker  
  35  3:02  Phoenix  
  35  3:06  Pylon  
  37  3:21  Gateway  
  37  3:30  Phoenix  
  39  3:51  Pylon  
  39  3:53  Phoenix  
  41  4:10  Phoenix  
  41  4:18  Stalker x2  
  41  4:22  Stalker  
  49  4:46  Stalker x2  
  49  4:47  Zealot  
Show
View Real Time Build Order
Export as new Build Order

A.I. 1 (Very Easy) Protoss 

Build Orders:  

Get SALT Encoding   

  12  0:00  Probe  
  13  0:13  Probe  
  14  0:20  Pylon  
  14  0:36  Assimilator  
  14  0:43  Gateway  
  14  0:47  Pylon  
  14  1:14  Assimilator  
  14  1:16  Probe  
  14  1:24  Probe  
  15  1:32  Probe  
  16  1:35  Cybernetics Core  
  17  1:42  Probe  
  18  1:53  Probe  
  19  2:01  Probe  
  19  2:02  Warp Gate  
  20  2:13  Stalker  
  22  4:37  Stalker  
  24  4:40  Pylon  
  24  4:44  Probe  
  20  4:50  Pylon  
  19  4:58  Probe  
  12  5:07  Probe  
Tags
 
Add a new tag
Caveats
  • Supply blocks, unpowered buildings, or Contaminate may cause inaccurate times.
  • Supply counts are checked every 10 seconds.